AoeStats
← Erectus Rogan?

Hideout

509473919Analyzed
1v1 RM · 6d ago on Sep 26, 2026· 42m 51s· 2 players
Game mode
Random Map
Map size
Tiny (2 player)
Population
200
Speed
Normal
Resources
Standard
Victory
Conquest
Starting age
Dark Age
Ending age
Imperial Age
RankedLock teamsTeams togetherTeam positionsShared explorationLock speedFull tech treeHidden civsTurbo modeCheats
Victory
Defeat
🇩🇪 Danes · Germany
1099
+48
🇨🇴 Muisca · Colombia
1129
-17
Chaac1706
6:09 Loom
8:23 Feudal Age
8:54 Double-Bit Axe
8:38 Champi Runner
12:08 Forging
13:47 Horse Collar
14:21 Scale Mail Armor
15:55 Wheelbarrow
16:52 Town Watch
20:45 Castle Age
21:06 Pikeman
25:04 Squires
28:01 Champi Warrior
30:16 Chain Mail Armor
30:36 Iron Casting
30:50 Bow Saw
32:26 Hand Cart
35:05 Gold Mining
38:14 Imperial Age
37:19 Redemption
38:09 Iron Casting
Erectus Rogan?
10:06 Feudal Age
14:02 Castle Age
12:11 Double-Bit Axe
14:24 Scale Barding Armor
17:41 Chain Barding Armor
18:06 Forging
17:55 Gold Mining
19:38 Forging
19:47 Loom
21:18 Bloodlines
23:14 Squires
23:01 Arson
23:03 Gambesons
23:26 Scale Mail Armor
26:06 Wheelbarrow
29:38 Iron Casting
33:01 Town Watch
33:57 Stone Mining
41:56 Imperial Age
39:42 Hand Cart
Connection lost

Rejoining the realm…

Still unreachable

The connection could not be restored.

Session expired

The server has moved on; the page needs a fresh start.